 Dungeon Crawl Stone Soup version 0.20-a0-645-g0ac6e19 (webtiles) character file.

2149 shpingle the Geomancer (level 9, -10/74 HPs)
             Began as a Formicid Earth Elementalist on Feb 15, 2017.
             Mangled by a mummy (12 damage)
             ... in an ossuary.
             The game lasted 00:28:40 (6816 turns).

shpingle the Geomancer (FoEE)                       Turns: 6816, Time: 00:28:40

Health: -10/74     AC:  7    Str: 12 (15) XL:     9   Next: 56%
Magic:  12/12      EV: 10    Int: 14 (16) God:
Gold:   218        SH:  0    Dex: 10 (11) Spells: 6/12 levels left

rFire    . . .     SeeInvis +   F - +0 flail (protect)
rCold    . . .     Gourm    .   x - +1 ring mail
rNeg     . . .     Faith    .   (no shield)
rPois    .         Spirit   .   (helmet unavailable)
rElec    .         Reflect  .   (no cloak)
rCorr    .         Harm     .   U - +0 pair of gloves
MR       .....                  (no boots)
Stlth    ..........             (no amulet)
Regen    0.3/turn               (no ring)
MPRegen  0.2/turn               H - ring of flight

@: very heavily drained
A: permanent stasis, dig shafts and tunnels, four strong arms, antennae 3
a: Dig, Shaft Self, Evoke Flight


You were in an ossuary.
You were not hungry.

You visited 1 branch of the dungeon, and saw 5 of its levels.
You also visited: Sewer and Ossuary.

You collected 218 gold pieces.

Inventory:

Hand Weapons
 f - a +0 dagger
 u - a +0 blowgun
 w - a +0 rapier
 y - a +0 trident
 F - a +0 flail of protection (weapon)
Missiles
 t - 17 poisoned needles
 J - a tomahawk (quivered)
 K - a throwing net
Armour
 c - a +0 robe
 x - a +1 ring mail (worn)
 L - a +0 leather armour of fire resistance
 U - a +0 pair of gloves (worn)
Jewellery
 H - a ring of flight (left hand)
Wands
 v - a wand of acid (13/15)
 C - a wand of iceblast (5/15)
Scrolls
 g - 3 scrolls of immolation
 p - 2 scrolls of fog
 P - a scroll of enchant weapon {unknown}
 Q - a scroll of noise {unknown}
Books
 e - a book of Geomancy

   Spells                             Type                      Level
   a - Sandblast                      Earth                        1
   b - Passwall                       Transmutation/Earth          2
   c - Stone Arrow                    Conjuration/Earth            3
   d - Petrify                        Transmutation/Earth          4
   e - Lee's Rapid Deconstruction     Earth                        5
Comestibles
 d - 3 bread rations
 i - 2 meat rations
 S - a fruit


   Skills:
 + Level 7.8(4.6) Fighting
 - Level 4.6(1.7) Polearms
 + Level 5.3(2.3) Armour
 - Level 1.7(0.0) Dodging
 - Level 2.4(0.0) Stealth
 - Level 2.1(0.0) Spellcasting
 - Level 1.1(0.0) Transmutations
 + Level 8.7(5.4) Earth Magic


You had 6 spell levels left.
You knew the following spells:

 Your Spells              Type           Power        Failure   Level  Hunger
a - Sandblast             Erth           ###...       10%         1    ##.....
b - Passwall              Tmut/Erth      #.........   34%         2    ###....
c - Stone Arrow           Conj/Erth      #.....       71%         3    ####...


Dungeon Overview and Level Annotations

Branches:
Dungeon (5/15)
 Temple: D:4-7

Altars:
Cheibriados
Dithmenos
Fedhas
Hepliaklqana
Ru
Sif Muna
Trog
Uskayaw
Zin

Annotations:
D:5 TySteely's ghost, novice DEWz


Innate Abilities, Weirdness & Mutations

You cannot be hasted, slowed, berserked, paralysed or teleported.
You can dig through walls and to a lower floor.
Your four strong arms can wield two-handed weapons with a shield.
You have a pair of large antennae on your head. (SInv)


Message History

You hit the bog mummy but do no damage.
The bog mummy is almost destroyed.
The bog mummy casts a spell at you.
You easily resist.
The bog mummy closely misses you. The mummy hits you.
* * * LOW HITPOINT WARNING * * *
You closely miss the bog mummy.
The bog mummy is almost destroyed.
The bog mummy hits you.
* * * LOW HITPOINT WARNING * * *
The bog mummy hits you but does no damage.
You completely miss the bog mummy.
The bog mummy is almost destroyed.
The mummy barely misses you. The bog mummy casts a spell at you.
You easily resist.
The bog mummy casts a spell at you. The puff of frost hits you!
* * * LOW HITPOINT WARNING * * *
The mummy hits you!
You die... { { { { { █◙█◙ ╬╬╬╬╬ █≈P≈≈╬..Z╬ { ◙('ZMM╬ ◙.Z≈╬ZM@╬ ◙◙◙.╬╬╬╬╬ ' { ◙◙ { {

You could see a mummy, 2 bog mummies, an adder zombie and 2 worker ant zombies.

Vanquished Creatures
  Pikel (D:4)
  Eustachio (D:4)
  Menkaure (D:4)
  Edmund (D:4)
  A sky beast (D:5)
  Purgy (D:4)
  A phantom (D:3)
  2 ogres
  A centaur (D:5)
  A crocodile (Sewer)
  3 scorpions
  A howler monkey (D:5)
  An orc priest (D:4)
  3 orc wizards
  2 hounds
  A bullfrog skeleton (D:5)
  2 worker ants (D:4)
  A killer bee zombie (Ossuary)
  6 mummies (Ossuary)
  Robin (D:4)
  2 adders
  3 gnolls (D:4)
  A shadow imp (D:5)
  An ooze (D:1)
  2 adder skeletons (D:5)
  3 worms
  A dart slug (D:2)
  2 leopard geckos (D:4)
  10 orcs
  6 giant cockroaches
  11 goblins
  8 hobgoblins
  3 jackals
  10 kobolds
  A quokka (D:3)
  A ball python (D:3)
  4 bats
  6 frilled lizards
  A quokka zombie (D:5)
  14 rats
  A rat zombie (D:5)
123 creatures vanquished.

Vanquished Creatures (others)
  4 slaves (D:4)
  A gnoll shaman (D:4)
  A gnoll (D:4)
  An orc (D:4)
  A giant cockroach (D:4)
  3 jackals (D:4)
  A withered plant (Ossuary)
12 creatures vanquished.

Grand Total: 135 creatures vanquished

Notes
Turn   | Place    | Note
-------+----------+-------------------------------------------
     0 | D:1      | shpingle the Formicid Earth Elementalist began the quest for the Orb.
     0 | D:1      | Reached XP level 1. HP: 13/13 MP: 3/3
   145 | D:1      | Reached XP level 2. HP: 21/21 MP: 3/5
   590 | D:1      | Reached XP level 3. HP: 27/27 MP: 4/6
  1752 | D:2      | Learned a level 2 spell: Passwall
  1756 | D:2      | Learned a level 3 spell: Stone Arrow
  1881 | D:2      | Found a deep blue altar of Sif Muna.
  2510 | D:2      | Found a deep blue altar of Sif Muna.
  3455 | D:3      | Found a glowing silver altar of Zin.
  3459 | D:3      | Reached XP level 4. HP: 32/34 MP: 5/7
  3464 | D:3      | Found a hazy altar of Hepliaklqana.
  3465 | D:3      | Found a bloodstained altar of Trog.
  3465 | D:3      | Found a hide-covered altar of Uskayaw.
  3467 | D:3      | Found a shadowy altar of Dithmenos.
  3469 | D:3      | Found a snail-covered altar of Cheibriados.
  3744 | D:3      | Reached skill level 3 in Fighting
  3744 | D:3      | Reached skill level 4 in Earth Magic
  3744 | D:3      | Reached XP level 5. HP: 35/41 MP: 0/8
  3753 | D:3      | Noticed a phantom
  3800 | D:3      | Killed a phantom
  4037 | D:3      | Found a sacrificial altar of Ru.
  4104 | D:3      | Reached XP level 6. HP: 48/48 MP: 9/9
  4375 | D:4      | Noticed Pikel
  4375 | D:4      | Noticed a slave
  4375 | D:4      | Noticed a slave
  4375 | D:4      | Noticed a slave
  4375 | D:4      | Noticed a slave
  4421 | D:4      | Killed Pikel
  4421 | D:4      | Reached skill level 3 in Polearms
  4421 | D:4      | Reached skill level 6 in Earth Magic
  4421 | D:4      | Reached XP level 7. HP: 56/56 MP: 2/10
  4563 | D:4      | Reached XP level 8. HP: 34/63 MP: 4/11
  4639 | D:4      | Noticed Purgy
  4648 | D:4      | Killed Purgy
  4668 | D:4      | Noticed Edmund
  4712 | D:4      | Killed Edmund
  4712 | D:4      | Reached skill level 6 in Fighting
  4786 | D:4      | Found a glowing drain.
  4802 | Sewer    | Entered a sewer
  5082 | Sewer    | Reached skill level 7 in Earth Magic
  5219 | D:4      | Noticed Robin
  5252 | D:4      | Killed Robin
  5397 | D:4      | Noticed Menkaure
  5418 | D:4      | Killed Menkaure
  5418 | D:4      | Reached skill level 3 in Armour
  5655 | D:4      | Noticed Eustachio
  5695 | D:4      | Killed Eustachio
  5695 | D:4      | Reached XP level 9. HP: 70/71 MP: 3/12
  6017 | D:5      | Entered Level 5 of the Dungeon
  6020 | D:5      | Reached skill level 8 in Earth Magic
  6209 | D:5      | Noticed TySteely's ghost (novice DEWz)
  6457 | D:5      | Found a blossoming altar of Fedhas.
  6627 | D:5      | Found a sand-covered staircase.
  6634 | Ossuary  | Entered an ossuary
  6815 | Ossuary  | HP: 2/74 [bog mummy/puff of frost (6)]
  6816 | Ossuary  | Mangled by a mummy

Vault maps used:
D:1:      lightli_arrival_maybe_door_vault, grunt_decor_cap
D:2:      led_sif_pool
D:3:      minitemple, nicolae_ru_the_path_less_chosen
D:4:      portal_sewer_entry_f, grunt_ministairs_9, uniq_edmund, uniq_robin,
          uniq_eustachio, uniq_purgy, uniq_menkaure, uniq_pikel
D:5:      fedhas_bush_and_centaur_altar, enter_ossuary_4, first_bread,
          serial_park_tiny_2
Sewer:    sewer_the_crocodile
Ossuary:  ossuary_zaba_flooded

Skill      XL: |  1  2  3  4  5  6  7  8  9 |
---------------+----------------------------+-----
Fighting       | 1 2 3 5 6 7 |  7.8
Armour         | 1 2 3 5 |  5.3
Polearms       | 1 2 3 4 |  4.6
Earth Magic    | 4 6 7 8 |  8.7
Dodging        | |  1.7
Stealth        | |  2.4
Spellcasting   | |  2.1
Transmutations | |  1.1

Action                   |  1- 3 |  4- 6 |  7- 9 || total
-------------------------+-------+-------+-------++-------
Melee: Dagger            |   100 |       |       ||   100
       Rapier            |     1 |    15 |       ||    16
       Trident           |       |    84 |    49 ||   133
       Flail             |       |       |   193 ||   193
Throw: Stone             |    26 |    17 |    12 ||    55
       Tomahawk          |       |       |     5 ||     5
 Cast: Sandblast         |    22 |    33 |   117 ||   172
       Stone Arrow       |       |       |     9 ||     9
 Abil: Dig               |       |       |     6 ||     6
  Use: Scroll            |     6 |     5 |     1 ||    12
       Potion            |       |     5 |     7 ||    12
 Stab: Sleeping          |     5 |     1 |       ||     6
       Invisible         |       |       |     2 ||     2
  Eat: Chunk             |     6 |     4 |     9 ||    19
       Royal jelly       |     1 |       |       ||     1
       Meat ration       |       |       |     1 ||     1
Armor: Robe              |    17 |       |       ||    17
       Ring mail         |       |    24 |   148 ||   172
       Skin              |       |    30 |       ||    30
Dodge: Dodged            |    62 |    38 |   201 ||   301
